 Dungeon Crawl Stone Soup version 0.22.1-1-ga44c0e56f4 (webtiles) character file.

413 Freyura the Ducker (level 6, -3/53 HPs)
             Began as a Gnoll Monk on Oct 28, 2018.
             Was a Believer of Ashenzari.
             Slain by an ogre
             ... wielding a cursed +0 giant spiked club
              (25 damage)
             ... on level 4 of the Dungeon.
             The game lasted 00:09:39 (1880 turns).

Freyura the Ducker (Gnoll Monk)                     Turns: 1880, Time: 00:09:39

Health: -3/53      AC:  2    Str: 14    XL:     6   Next: 91%
Magic:  9/9        EV: 17    Int: 12    God:    Ashenzari [**....]
Gold:   87         SH:  0    Dex: 19    Spells: 9/9 levels left

rFire    . . .     SeeInvis .   a - +1 falchion
rCold    . . .     Gourm    .   (no shield)
rNeg     . . .     Faith    .   b - +0 robe
rPois    .         Spirit   .   (no helmet)
rElec    .         Reflect  .   (no cloak)
rCorr    .         Harm     .   (no gloves)
MR       .....                  (no boots)
Stlth    +++.......             (no amulet)
HPRegen  0.17/turn              (no ring)
MPRegen  0.11/turn              e - ring of wizardry

@: no status effects
A: distributed training, fangs 1, strong nose
a: Curse Item, Scrying, Renounce Religion


You were on level 4 of the Dungeon.
You worshipped Ashenzari.
Ashenzari was pleased with you.
You were full.

You visited 1 branch of the dungeon, and saw 4 of its levels.

You collected 87 gold pieces.

Inventory:

Hand Weapons
 a - a +1 falchion (weapon)
Armour
 b - a +0 robe (worn)
Jewellery
 e - a ring of wizardry (right hand)
Scrolls
 c - a scroll of noise {unknown}
 f - a scroll of enchant armour {unknown}
 g - 2 scrolls of identify
Potions
 d - a potion of flight
 h - a potion of brilliance
 k - 3 potions of curing


   Skills:
 + Level 6.9 Fighting
 + Level 2.1 Short Blades
 + Level 6.9 Long Blades
 + Level 2.1 Axes
 + Level 2.1 Maces & Flails
 + Level 2.1 Polearms
 + Level 2.1 Staves
 + Level 2.1 Slings
 + Level 2.1 Bows
 + Level 2.1 Crossbows
 + Level 2.1 Throwing
 + Level 2.1 Armour
 + Level 6.9 Dodging
 + Level 4.7 Stealth
 + Level 2.1 Shields
 + Level 2.1 Unarmed Combat
 + Level 2.1 Spellcasting
 + Level 1.6 Conjurations
 + Level 1.6 Hexes
 + Level 1.6 Charms
 + Level 1.6 Summonings
 + Level 1.6 Necromancy
 + Level 1.6 Translocations
 + Level 1.6 Transmutations
 + Level 1.6 Fire Magic
 + Level 1.6 Ice Magic
 + Level 1.6 Air Magic
 + Level 1.6 Earth Magic
 + Level 1.6 Poison Magic
 + Level 2.3 Invocations
 + Level 2.1 Evocations


You had 9 spell levels left.
You didn't know any spells.
Your spell library was empty.

Dungeon Overview and Level Annotations

Branches:
Dungeon (4/15)
 Temple: D:4-7

Altars:
Ashenzari
Trog
Wu Jian
Yredelemnul


Innate Abilities, Weirdness & Mutations

Your experience applies equally to all skills.
You have very sharp teeth.
Your uncanny sense of smell can sniff out nearby items.


Message History

Your Bows skill increases to level 2!
Your Crossbows skill increases to level 2!
Your Throwing skill increases to level 2!
Your Armour skill increases to level 2!
Your Shields skill increases to level 2!
Your Unarmed Combat skill increases to level 2!
Your Spellcasting skill increases to level 2!
Your Evocations skill increases to level 2!
You start resting.
Magic restored.
You start resting.
An ogre comes into view. It is wielding a giant spiked club.
The ogre shouts!
You hear a shout!
You hit the ogre. You bite the ogre, but do no damage.
The ogre is lightly wounded.
The ogre closely misses you.
You closely miss the ogre.
The ogre is lightly wounded.
The ogre hits you with a giant spiked club!!
You die...

* # #. # #.### #
##.#.## # ,, .....#
# * *##....### #
#....... *######
#.....# , ...... *
#@# ** ###### #O#
##############
#.###...#.........
,#.........########
, * * * #..###....#
, , ....##.##.#.#
## ......#...'.#.#
##.
*#.....##.##...#
#..
#..#'###+#....##
#..


You could see an ogre.

Vanquished Creatures
  Menkaure (D:4)
  A sky beast (D:3)
  A bullfrog skeleton (D:4)
  2 orc wizards (D:4)
  A worker ant (D:4)
  4 adders
  2 worms (D:2)
  3 orcs
  A giant cockroach (D:4)
  14 goblins
  5 hobgoblins
  8 jackals
  2 ball pythons
  5 bats
  2 frilled lizards
  6 kobolds
  4 rats
  A spectral orc (D:3)
63 creatures vanquished.

Notes
Turn   | Place    | Note
-------+----------+-------------------------------------------
     0 | D:1      | Freyura the Gnoll Monk began the quest for the Orb.
     0 | D:1      | Reached XP level 1. HP: 23/23 MP: 1/1
   104 | D:1      | Reached XP level 2. HP: 29/29 MP: 2/2
   452 | D:2      | Reached XP level 3. HP: 32/35 MP: 3/3
   482 | D:2      | Reached skill level 1 in Invocations
   573 | D:2      | Reached skill level 1 in Short Blades
   573 | D:2      | Reached skill level 1 in Axes
   573 | D:2      | Reached skill level 1 in Maces & Flails
   573 | D:2      | Reached skill level 1 in Polearms
   573 | D:2      | Reached skill level 1 in Staves
   573 | D:2      | Reached skill level 1 in Slings
   573 | D:2      | Reached skill level 1 in Bows
   573 | D:2      | Reached skill level 1 in Crossbows
   573 | D:2      | Reached skill level 1 in Throwing
   573 | D:2      | Reached skill level 1 in Armour
   573 | D:2      | Reached skill level 1 in Shields
   573 | D:2      | Reached skill level 1 in Unarmed Combat
   573 | D:2      | Reached skill level 1 in Spellcasting
   573 | D:2      | Reached skill level 1 in Evocations
   689 | D:2      | Found a bloodstained altar of Trog.
   701 | D:2      | Reached XP level 4. HP: 41/41 MP: 5/5
   947 | D:3      | Found an ornate altar of the Wu Jian Council.
  1219 | D:3      | Noticed a sky beast
  1241 | D:3      | Killed a sky beast
  1241 | D:3      | Reached skill level 1 in Conjurations
  1241 | D:3      | Reached skill level 1 in Hexes
  1241 | D:3      | Reached skill level 1 in Charms
  1241 | D:3      | Reached skill level 1 in Summonings
  1241 | D:3      | Reached skill level 1 in Necromancy
  1241 | D:3      | Reached skill level 1 in Translocations
  1241 | D:3      | Reached skill level 1 in Transmutations
  1241 | D:3      | Reached skill level 1 in Fire Magic
  1241 | D:3      | Reached skill level 1 in Ice Magic
  1241 | D:3      | Reached skill level 1 in Air Magic
  1241 | D:3      | Reached skill level 1 in Earth Magic
  1241 | D:3      | Reached skill level 1 in Poison Magic
  1241 | D:3      | Reached XP level 5. HP: 35/47 MP: 5/7
  1242 | D:3      | Found a shattered altar of Ashenzari.
  1250 | D:3      | Became a worshipper of Ashenzari the Shackled
  1250 | D:3      | Reached * piety under Ashenzari
  1250 | D:3      | Reached ** piety under Ashenzari
  1501 | D:3      | Found a basalt altar of Yredelemnul.
  1728 | D:4      | Reached XP level 6. HP: 50/53 MP: 8/8
  1798 | D:4      | Noticed Menkaure
  1819 | D:4      | Killed Menkaure
  1880 | D:4      | Slain by an ogre

Skill      XL: |  1  2  3  4  5  6 |
---------------+-------------------+-----
Invocations    | 1 2 |  2.3
Short Blades   | 1 2 |  2.1
Axes           | 1 2 |  2.1
Maces & Flails | 1 2 |  2.1
Polearms       | 1 2 |  2.1
Staves         | 1 2 |  2.1
Slings         | 1 2 |  2.1
Bows           | 1 2 |  2.1
Crossbows      | 1 2 |  2.1
Throwing       | 1 2 |  2.1
Armour         | 1 2 |  2.1
Shields        | 1 2 |  2.1
Unarmed Combat | 1 2 |  2.1
Spellcasting   | 1 2 |  2.1
Evocations     | 1 2 |  2.1
Conjurations   | 1 |  1.6
Hexes          | 1 |  1.6
Charms         | 1 |  1.6
Summonings     | 1 |  1.6
Necromancy     | 1 |  1.6
Translocations | 1 |  1.6
Transmutations | 1 |  1.6
Fire Magic     | 1 |  1.6
Ice Magic      | 1 |  1.6
Air Magic      | 1 |  1.6
Earth Magic    | 1 |  1.6
Poison Magic   | 1 |  1.6
Fighting       | |  6.9
Long Blades    | |  6.9
Dodging        | |  6.9
Stealth        | |  4.7

Action                   |  1- 3 |  4- 6 || total
-------------------------+-------+-------++-------
Melee: Falchion          |    72 |   113 ||   185
       Bite              |    13 |    22 ||    35
       Punch             |       |     2 ||     2
  Use: Scroll            |     2 |     5 ||     7
       Potion            |       |     2 ||     2
 Stab: Sleeping          |     8 |     3 ||    11
  Eat: Ration            |       |     2 ||     2
       Chunk             |       |     1 ||     1
Armor: Robe              |     8 |     6 ||    14
Dodge: Dodged            |    50 |   118 ||   168
       Rpst.: Falchion   |    13 |    40 ||    53
